[Event "8th Gibraltar U16-Junior 2018"]
[Site "Caleta"]
[Date "2018.08.18"]
[Round "3"]
[White "Gough, Theo"]
[Black "Manocha, Shobhin"]
[Result "1-0"]
[ECO "D12"]
[WhiteElo "1346"]
[BlackElo "1461"]
[Annotator "NA RC"]
[PlyCount "63"]
[EventDate "2018.08.17"]
[EventType "swiss"]
[EventCountry "GGB"]
[SourceTitle "playchess.com"]
[Source "ChessBase"]
[SourceQuality "1"]
[TimeControl "6600+10"]

1. d4 d5 2. c4 c6 3. Nf3 Nf6 4. e3 Bf5 5. b3 e6 6. Bd3 Bg6 7. O-O Nbd7 8. Bb2 Bd6 9. Ne5 Bh5 10. Be2 Bg6 11. Nd2 Qe7 12. f4 Bxe5 13. fxe5 Ne4 14. Nxe4 Bxe4 15. Bd3 Qg5 16. Qe2 Bg6 17. Rf4 Bh5 18. Qf2 O-O-O 19. cxd5 exd5 20. Ba3 c5 21. Rc1 b6 22. Bf5 Qe7 23. dxc5 Kb8 24. Bxd7 Rxd7 25. Qb2 Rc7 26. c6 Qg5 27. Bd6 Re8 28. Qa3 Rec8 29. Bxc7+ Rxc7 30. Qf8+ Rc8 31. c7+ Kb7 32. Qd6 1-0

[Event "8th Gibraltar U16-Junior 2018"]
[Site "Caleta"]
[Date "2018.08.18"]
[Round "3"]
[White "Dhanwani, Aryan"]
[Black "Le Barbier, Vincent"]
[Result "1/2-1/2"]
[ECO "C50"]
[WhiteElo "1169"]
[BlackElo "1457"]
[Annotator "NA RC"]
[PlyCount "124"]
[EventDate "2018.08.17"]
[EventType "swiss"]
[EventCountry "GGB"]
[SourceTitle "playchess.com"]
[Source "ChessBase"]
[SourceQuality "1"]
[TimeControl "6600+10"]

1. e4 e5 2. Nf3 Nc6 3. Bc4 Bc5 4. d3 d6 5. Ng5 Nh6 6. Nc3 Bd4 7. Nf3 Bg4 8. h3 Bh5 9. g4 Bg6 10. g5 Ng8 11. Nxd4 Nxd4 12. Nb5 Nxb5 13. Bxb5+ c6 14. Bc4 f6 15. Qg4 d5 16. exd5 cxd5 17. Qe6+ Ne7 18. Bb5+ Kf8 19. gxf6 Nf5 20. fxg7+ Nxg7 21. Qd7 Qxd7 22. Bxd7 Ke7 23. Bg4 h5 24. Bf3 Nf5 25. Bxd5 Nd4 26. Kd2 Kd6 27. Bxb7 Raf8 28. Rf1 Rf7 29. c3 Nf3+ 30. Ke2 Rxb7 31. Kxf3 Bxd3 32. Rd1 e4+ 33. Kg2 Rg7+ 34. Kh1 Rhg8 35. Bf4+ Ke6 36. Rg1 Be2 37. Rxg7 Rxg7 38. Rg1 Rf7 39. Be3 a5 40. Rg6+ Ke7 41. h4 Kd8 42. Kh2 Rd7 43. Bd4 Kc8 44. Rg5 a4 45. Ra5 Bd1 46. Ra8+ Kb7 47. Ra7+ Kc6 48. Rxd7 Kxd7 49. Kg3 Kc6 50. Kf4 Kd5 51. c4+ Kxd4 52. b3 axb3 53. axb3 Bxb3 54. c5 Kxc5 55. Kxe4 Kd6 56. Kf5 Kd5 57. f4 Bd1 58. Kg6 Ke4 59. f5 Kf4 60. f6 Bb3 61. Kxh5 Kf5 62. Kh6 Kxf6 1/2-1/2

[Event "8th Gibraltar U16-Junior 2018"]
[Site "Caleta"]
[Date "2018.08.18"]
[Round "3"]
[White "Harbinson, Alec Ryan"]
[Black "Vyas, Param"]
[Result "1/2-1/2"]
[ECO "B48"]
[WhiteElo "1043"]
[BlackElo "1372"]
[Annotator "NA RC"]
[PlyCount "55"]
[EventDate "2018.08.17"]
[EventType "swiss"]
[EventCountry "GGB"]
[SourceTitle "playchess.com"]
[Source "ChessBase"]
[SourceQuality "1"]
[TimeControl "6600+10"]

1. e4 c5 2. Nf3 e6 3. Nc3 a6 4. d4 cxd4 5. Nxd4 Qc7 6. Bd3 Nc6 7. Be3 Nf6 8. Nxc6 bxc6 9. Bg5 Be7 10. Qe2 h6 11. Bh4 d6 12. O-O O-O 13. Rfe1 Bb7 14. e5 Nd5 15. Nxd5 cxd5 16. Bxe7 Qxe7 17. exd6 Qxd6 18. Rad1 Rfd8 19. c4 Qe7 20. cxd5 Bxd5 21. Be4 Bxe4 22. Qxe4 Rac8 23. h3 Rd7 24. Qa4 Rd6 25. Rxd6 Qxd6 26. Rd1 Qb6 27. Rb1 Rd8 28. a3 1/2-1/2

[Event "8th Gibraltar U16-Junior 2018"]
[Site "Caleta"]
[Date "2018.08.18"]
[Round "3"]
[White "Jain, Anushree"]
[Black "Shigaeva, Arina"]
[Result "0-1"]
[ECO "C50"]
[WhiteElo "1006"]
[BlackElo "1271"]
[Annotator "NA RC"]
[PlyCount "104"]
[EventDate "2018.08.17"]
[EventType "swiss"]
[EventCountry "GGB"]
[SourceTitle "playchess.com"]
[Source "ChessBase"]
[SourceQuality "1"]
[TimeControl "6600+10"]

1. e4 e5 2. Nf3 Nc6 3. Bc4 Bc5 4. d3 Nf6 5. Nc3 d6 6. Be3 Nd4 7. Bd2 Bg4 8. h3 Nxf3+ 9. gxf3 Be6 10. b3 d5 11. exd5 Nxd5 12. Qe2 Bd4 13. Bxd5 Bxd5 14. O-O-O Bc6 15. Rhg1 Qf6 16. Rg3 h6 17. Rdg1 g5 18. Rg4 O-O-O 19. a4 Bxf3 20. Qe1 Bxg4 21. Rxg4 Qxf2 22. Qh1 Be3 23. Bxe3 Qxe3+ 24. Kb2 c6 25. Qh2 f5 26. Rg2 f4 27. Re2 Qd4 28. Re4 Qd6 29. Re1 Rde8 30. Qg2 Qg6 31. Ne4 Rhg8 32. Re2 h5 33. Qg1 b6 34. c4 g4 35. hxg4 hxg4 36. b4 Rd8 37. Kc3 g3 38. Qg2 Rh8 39. c5 Kc7 40. a5 bxa5 41. bxa5 Rh2 42. Qf1 Rxe2 43. Qxe2 g2 44. Qd2 g1=Q 45. Qc2 Qd4+ 46. Kd2 Qg2+ 47. Kc1 Qf1+ 48. Qd1 Qxd1+ 49. Kxd1 Qxd3+ 50. Ke1 Qxe4+ 51. Kf1 Qc2 52. a6 Rd1# 0-1

[Event "8th Gibraltar U16-Junior 2018"]
[Site "Caleta"]
[Date "2018.08.19"]
[Round "4"]
[White "Cuellar Montes, Alejandro"]
[Black "Carroll, Thomas"]
[Result "1-0"]
[ECO "A70"]
[WhiteElo "2074"]
[BlackElo "1965"]
[Annotator "NA RC"]
[PlyCount "105"]
[EventDate "2018.08.17"]
[EventType "swiss"]
[EventCountry "GGB"]
[SourceTitle "playchess.com"]
[Source "ChessBase"]
[SourceQuality "1"]
[TimeControl "6600+10"]

1. d4 Nf6 2. c4 c5 3. d5 e6 4. Nc3 exd5 5. cxd5 d6 6. e4 g6 7. Bd3 Bg7 8. h3 O-O 9. Nf3 b5 10. Nxb5 Re8 11. O-O Nxe4 12. Re1 a6 13. Na3 {[%emt 0:00:51] A70: Modern Benoni: 6 e4 g6 7 Nf3} Nf6 14. Bg5 (14. Rxe8+ Nxe8 15. Nc4 Nd7 16. Bf4 Ndf6 17. Ne3 Nh5 18. Bg5 Bf6 19. h4 Rb8 20. b3 Bxg5 21. hxg5 f6 22. gxf6 Qxf6 23. Rc1 Nc7 24. Rc4 Nf4 25. Qd2 Bd7 26. Ng4 Bxg4 27. Rxf4 Qa1+ 28. Bf1 Bxf3 29. Rxf3 Re8 30. Qf4 {1-0 (30) Mamedyarov,S (2809)-Svidler,P (2760) Moscow 2018}) 14... Rxe1+ 15. Nxe1 $146 ({Predecessor:} 15. Qxe1 Bb7 16. Be4 Nbd7 17. Nc4 Nb6 18. b3 Qc7 19. Bxf6 Bxf6 20. Rd1 Nxc4 21. bxc4 {½-½ (40) Adamczewski,M (1903)-Zylka,S (2065) Karpacz 2015}) 15... Nbd7 16. Nc4 Nb6 17. Qf3 Nxc4 18. Bxc4 Qe7 19. Nd3 Qe4 20. Qxe4 Nxe4 21. Bf4 g5 22. Be3 h6 23. Re1 Bf5 24. g4 Bg6 $11 25. f4 f5 26. b3 Bc3 27. Rd1 a5 28. Nf2 Nxf2 29. Kxf2 Rf8 30. Kg3 fxg4 31. hxg4 gxf4+ 32. Bxf4 Rf6 33. Rh1 Be4 34. Rc1 Bb4 35. a3 Bxa3 36. Re1 Bg6 37. Re6 Kf7 38. Rxf6+ Kxf6 39. Bxd6 h5 40. g5+ Kf7 41. Bc7 Ke7 42. d6+ Kd7 43. Bb5+ Kc8 44. Bxa5 Bf5 45. Kf4 Bd7 46. Ba6+ Kb8 47. g6 Bb2 48. Kg5 h4 49. Kxh4 Be6 50. Kg5 Bc1+ 51. Kf6 Bxb3 52. d7 Bb2+ 53. Ke7 1-0

[Event "8th Gibraltar U16-Junior 2018"]
[Site "Caleta"]
[Date "2018.08.19"]
[Round "4"]
[White "Onslow, Alfie"]
[Black "Weersing, Sarah"]
[Result "1-0"]
[ECO "C08"]
[WhiteElo "2040"]
[BlackElo "1608"]
[Annotator "NA RC"]
[PlyCount "124"]
[EventDate "2018.08.17"]
[EventType "swiss"]
[EventCountry "GGB"]
[SourceTitle "playchess.com"]
[Source "ChessBase"]
[SourceQuality "1"]
[TimeControl "6600+10"]

1. e4 e6 2. d4 d5 3. Nd2 c5 4. exd5 exd5 5. Ngf3 Nf6 6. Bb5+ Bd7 7. Bxd7+ Nbxd7 8. O-O Be7 9. dxc5 Nxc5 10. Re1 O-O 11. Nf1 {[%emt 0:03:43] C08: French Tarrasch: 3...c5 4 exd5 exd5 sidelines} Ne6 (11... Re8 12. Be3 Qd7 13. c3 a5 14. Bd4 Rac8 15. Ne3 Nfe4 16. Ne5 Qd8 17. Qh5 g6 18. Qf3 f5 19. Nxf5 gxf5 20. Qxf5 {½-½ (91) Rublevsky,S (2683)-Savchenko,B (2585) Sochi 2017}) 12. c3 h6 $146 ({Predecessor:} 12... b5 13. Qe2 Qb6 14. Be3 Bc5 15. a3 a5 16. Bxc5 Nxc5 17. Ne3 g6 18. Rad1 Rfd8 {½-½ (76) Gavrilov,A (2491)-Savchenko,B (2559) Kazan 2014}) 13. h3 Bc5 14. Be3 Qb6 15. Bxc5 Qxc5 16. Ne3 Rfd8 17. Nf5 Qb6 18. Qc2 Kf8 19. Re3 Rac8 20. Qb3 Qxb3 21. axb3 a6 22. b4 h5 23. N5d4 Nxd4 24. Nxd4 g6 25. Kf1 Rd7 26. Ree1 Re7 27. Red1 Ke8 28. Nb3 Rd8 29. Ra5 Red7 30. Rd4 Ke7 31. b5 axb5 32. Rxb5 Rc7 33. Rdb4 Rb8 34. Nc5 Rcc8 35. Rxb7+ Rxb7 36. Rxb7+ Ke8 37. Nb3 Ne4 38. Ke2 Rd8 39. Nd2 Nc5 40. Ra7 Ne6 41. g3 Rb8 42. b3 d4 43. c4 Nc5 44. Ra5 Nxb3 45. Rb5 Rxb5 46. cxb5 Nc5 47. Nf3 d3+ 48. Ke3 Kd7 49. Ne5+ Kc7 50. Nxd3 Ne6 51. Ne5 Kb6 52. Nxf7 Kxb5 53. Ne5 g5 54. Ke4 Kc5 55. Kf5 Kd5 56. Nf3 h4 (56... g4 $142 57. hxg4 Ng7+ 58. Kg5 hxg4 59. Kxg4 Ne8) 57. Nxg5 hxg3 58. fxg3 Ng7+ 59. Kg6 Ne8 60. h4 Ke5 61. h5 Nf6 62. h6 Ne8 1-0

[Event "8th Gibraltar U16-Junior 2018"]
[Site "Caleta"]
[Date "2018.08.19"]
[Round "4"]
[White "Jayawarna, Nugith"]
[Black "Moreby, James"]
[Result "1/2-1/2"]
[ECO "A37"]
[WhiteElo "2013"]
[BlackElo "2084"]
[Annotator "NA RC"]
[PlyCount "24"]
[EventDate "2018.08.17"]
[EventType "swiss"]
[EventCountry "GGB"]
[SourceTitle "playchess.com"]
[Source "ChessBase"]
[SourceQuality "1"]
[TimeControl "6600+10"]

1. Nf3 c5 2. c4 Nc6 3. Nc3 g6 4. g3 Bg7 5. Bg2 e5 6. O-O Nge7 7. Ne1 O-O 8. d3 d6 9. Nc2 {[%emt 0:00:36] LiveBook: 203 Games} Be6 10. Ne3 Rb8 11. Ned5 a6 12. a4 h6 $11 1/2-1/2

[Event "8th Gibraltar U16-Junior 2018"]
[Site "Caleta"]
[Date "2018.08.19"]
[Round "4"]
[White "Ledesma Claros, Daniel"]
[Black "Perez Beltran, Salvador"]
[Result "1/2-1/2"]
[ECO "B91"]
[WhiteElo "1954"]
[BlackElo "2018"]
[Annotator "NA RC"]
[PlyCount "84"]
[EventDate "2018.08.17"]
[EventType "swiss"]
[EventCountry "GGB"]
[SourceTitle "playchess.com"]
[Source "ChessBase"]
[SourceQuality "1"]
[TimeControl "6600+10"]

1. e4 c5 2. Nc3 a6 3. g3 b5 4. Bg2 Bb7 5. Nge2 e6 6. O-O d6 7. d4 cxd4 8. Nxd4 Nf6 9. Bg5 {[%emt 0:16:24] LiveBook: 5 Games B91: Sicilian Najdorf: 6 g3} (9. Re1 Nbd7 10. e5 Bxg2 11. exf6 Bb7 12. fxg7 Bxg7 13. Nxe6 fxe6 14. Rxe6+ Kf8 15. Rxd6 Qc8 16. Rxd7 Qc6 17. Qd5 Qxd5 18. Nxd5 Bc6 19. Rd6 Rc8 20. Nb6 Rc7 21. Bf4 Bxb2 22. Re1 Kf7 23. Rde6 {1-0 (23) Artemiev,V (2691)-Korobov,A (2652) Riadh 2017}) 9... Nbd7 10. Re1 Qc7 11. a4 bxa4 12. Nd5 exd5 13. exd5+ Ne5 14. Bxf6 gxf6 15. f4 $146 O-O-O 16. fxe5 dxe5 17. Qg4+ Qd7 18. Qxd7+ Rxd7 $11 19. Nc6 Bxc6 20. dxc6 Bc5+ 21. Kf1 Rd2 22. Re2 Rhd8 23. Bh3+ Kc7 24. Bd7 Rxe2 25. Kxe2 Rb8 26. Rxa4 Rxb2 27. Rc4 Bd4 28. Bf5 h6 29. h4 a5 30. Be4 Ra2 31. Bd5 Ra3 32. c3 Rxc3 33. Rxc3 Bxc3 34. Kf3 Kd6 35. g4 Be1 36. h5 Bd2 37. Ke4 a4 38. Kf5 Bg5 39. Ke4 Bd2 40. Kf5 Bg5 41. Ke4 Bd2 42. Kf5 Bg5 1/2-1/2

[Event "8th Gibraltar U16-Junior 2018"]
[Site "Caleta"]
[Date "2018.08.19"]
[Round "4"]
[White "Ifalore, Michael"]
[Black "Shepherd, Tom"]
[Result "1-0"]
[ECO "D02"]
[WhiteElo "1881"]
[BlackElo "1531"]
[Annotator "NA"]
[PlyCount "55"]
[EventDate "2018.08.17"]
[EventType "swiss"]
[EventCountry "GGB"]
[SourceTitle "playchess.com"]
[Source "ChessBase"]
[SourceQuality "1"]
[TimeControl "6600+10"]

1. d4 d5 2. Nf3 Nf6 3. g3 c5 4. dxc5 e6 5. Bg2 Bxc5 6. c4 {[%emt 0:00:21] D02: Damenbauernspiele} Nc6 7. cxd5 Qxd5 (7... exd5 8. O-O O-O 9. Nbd2 Bb6 10. Nb3 d4 11. Bf4 Re8 12. Qd3 Bg4 13. Rfd1 Qe7 14. h3 Nb4 15. Qb5 d3 16. exd3 Bd7 17. Qg5 h6 {0-1 (41) Stupak,K (2502)-Sutovsky,E (2665) Plovdiv 2010}) 8. Bd2 $146 ({Vorgänger:} 8. O-O Qxd1 9. Rxd1 h6 10. Nc3 a6 11. a3 O-O 12. b4 Bb6 13. Bb2 Bd7 {1-0 (55) Koszo,A (1806)-Botta,J (1955) Hungary 2010}) 8... Ne4 9. O-O Nxd2 10. Nfxd2 Qd7 11. Qc2 Be7 12. Nc3 Nb4 13. Qc1 Bf6 ({Black should try} 13... O-O $14) 14. Nde4 O-O $2 (14... Be5 $16 {is tougher.}) 15. Nxf6+ gxf6 16. Qh6 f5 17. Qg5+ Kh8 18. Qf6+ Kg8 19. Rfd1 Qe8 20. h4 Nc6 (20... Bd7 $142 21. Rd6 (21. Bxb7 Rb8 $18) 21... Bc6) 21. Bxc6 bxc6 22. h5 h6 23. Qxh6 $2 (23. Rd6) 23... f6 24. e4 e5 $18 25. Rd6 Qe7 26. Rxc6 Bb7 27. Nd5 Qg7 28. Nxf6+ 1-0

[Event "8th Gibraltar U16-Junior 2018"]
[Site "Caleta"]
[Date "2018.08.19"]
[Round "4"]
[White "Howell, Oliver W"]
[Black "Chouki, Aali"]
[Result "1-0"]
[ECO "A10"]
[WhiteElo "1853"]
[BlackElo "1413"]
[Annotator "NA RC"]
[PlyCount "47"]
[EventDate "2018.08.17"]
[EventType "swiss"]
[EventCountry "GGB"]
[SourceTitle "playchess.com"]
[Source "ChessBase"]
[SourceQuality "1"]
[TimeControl "6600+10"]

1. Nf3 d5 2. c4 c6 3. g3 e6 4. Bg2 f5 5. O-O Nf6 6. b3 Bd6 7. Bb2 O-O 8. d3 Qe8 9. Nbd2 Nbd7 10. Re1 Bc5 11. e4 fxe4 12. dxe4 Ng4 13. Re2 Nxf2 (13... e5 $14) 14. Rxf2 Bxf2+ 15. Kxf2 Qf7 (15... b6 $142 16. Kg1 Bb7 17. exd5 cxd5) 16. cxd5 (16. Kg1 $18) 16... exd5 17. Kg1 $18 Nb6 18. Qc2 dxe4 19. Nxe4 Bf5 20. Nh4 Rad8 21. Rf1 Bxe4 22. Rxf7 Bxc2 23. Rxg7+ Kh8 24. Rg4+ 1-0

[Event "8th Gibraltar U16-Junior 2018"]
[Site "Caleta"]
[Date "2018.08.19"]
[Round "4"]
[White "Samworth-Calvier, Juju"]
[Black "Cox, Ben"]
[Result "1/2-1/2"]
[ECO "B26"]
[WhiteElo "1816"]
[BlackElo "1466"]
[Annotator "NA RC"]
[PlyCount "40"]
[EventDate "2018.08.17"]
[EventType "swiss"]
[EventCountry "GGB"]
[SourceTitle "playchess.com"]
[Source "ChessBase"]
[SourceQuality "1"]
[TimeControl "6600+10"]

1. e4 c5 2. Nc3 Nc6 3. g3 d6 4. Bg2 Nf6 5. d3 g6 6. Be3 Bg7 7. Qd2 O-O {[%emt 0:01:21] B26: Closed Sicilian: 3 g3, lines with early Be3} 8. Bh6 Qa5 (8... Rb8 9. Bxg7 Kxg7 10. Nge2 b5 11. O-O b4 12. Nd1 Nd4 13. c3 bxc3 14. bxc3 Nxe2+ 15. Qxe2 {0-1 (58) Rudyk,I (2163)-Goganov,A (2581) St Petersburg 2013}) 9. h4 $146 ({Predecessor:} 9. Nf3 Bd7 10. O-O b5 11. Nd1 Qxd2 12. Bxd2 Rfc8 13. c3 a5 14. Ne3 b4 15. c4 {0-1 (60) Starke,L (1295)-Sonnhalter,S (1426) Stuttgart 2007}) 9... Bxh6 10. Qxh6 Nd4 11. Qd2 Be6 12. Nge2 Nxe2 13. Nxe2 Qxd2+ 14. Kxd2 d5 15. exd5 Bxd5 16. Bxd5 Nxd5 17. Rhe1 e6 18. Nc3 Rfe8 19. Ne4 Rec8 $1 20. Nc3 (20. h5 $5) 20... Nxc3 $11 1/2-1/2

[Event "8th Gibraltar U16-Junior 2018"]
[Site "Caleta"]
[Date "2018.08.19"]
[Round "4"]
[White "Kirupakaran, Vishnu"]
[Black "Bansal, Saahil"]
[Result "1/2-1/2"]
[ECO "C11"]
[WhiteElo "1786"]
[BlackElo "1454"]
[Annotator "NA RC"]
[PlyCount "103"]
[EventDate "2018.08.17"]
[EventType "swiss"]
[EventCountry "GGB"]
[SourceTitle "playchess.com"]
[Source "ChessBase"]
[SourceQuality "1"]
[TimeControl "6600+10"]

1. e4 e6 2. d4 d5 3. Nc3 Nf6 4. e5 Nfd7 5. f4 c5 6. Nf3 Nc6 7. Be3 cxd4 8. Nxd4 Bc5 9. Qd2 Nxd4 10. Bxd4 Bxd4 11. Qxd4 Qb6 12. Qd2 a6 13. O-O-O Qc7 14. Ne2 b5 15. Nd4 g6 16. h4 h5 17. g4 hxg4 18. Qg2 Nc5 19. Qxg4 Ne4 20. Qf3 Bb7 21. h5 gxh5 22. Rxh5 Rxh5 23. Qxh5 Rc8 24. Qh8+ Ke7 25. Qh4+ Ke8 26. Bg2 Qe7 27. Qh8+ Kd7 28. Qh7 Nc5 29. Kb1 Rf8 30. Qh3 Kc7 31. Qc3 Kb6 32. Qa3 Re8 33. Qe3 Kc7 34. Nb3 Nxb3 35. Qxb3 Qc5 36. a3 Rc8 37. Ka2 Kd8 38. Rd2 a5 39. Bf1 b4 40. Rh2 Ke7 41. axb4 axb4 42. Rd2 Bc6 43. Kb1 Ra8 44. c3 bxc3 45. Qxc3 Qxc3 46. bxc3 Ra4 47. Rd4 Ra5 48. Kb2 f6 49. Kb3 fxe5 50. fxe5 Ra7 51. Rb4 Ra1 52. Bd3 1/2-1/2

[Event "8th Gibraltar U16-Junior 2018"]
[Site "Caleta"]
[Date "2018.08.19"]
[Round "4"]
[White "Patel, Devan"]
[Black "Schulz, Victor"]
[Result "1-0"]
[ECO "A45"]
[WhiteElo "1716"]
[BlackElo "1510"]
[Annotator "NA RC"]
[PlyCount "65"]
[EventDate "2018.08.17"]
[EventType "swiss"]
[EventCountry "GGB"]
[SourceTitle "playchess.com"]
[Source "ChessBase"]
[SourceQuality "1"]
[TimeControl "6600+10"]

1. d4 Nf6 2. Bg5 e6 3. e4 Be7 4. Bd3 Nc6 5. c3 d6 6. Nd2 e5 7. d5 Nb8 8. f3 Nbd7 9. Ne2 O-O 10. Qc2 Nc5 11. O-O-O Nxd3+ 12. Qxd3 Bd7 13. Be3 b5 14. g4 a5 15. Ng3 c5 16. dxc6 Bxc6 17. g5 Nd7 18. h4 Nc5 19. Qe2 b4 20. c4 a4 21. Nf5 Qc7 22. Kb1 b3 23. a3 Rfb8 24. h5 f6 25. g6 h6 26. Bxh6 gxh6 27. Nxh6+ Kh8 28. Nf7+ Kg7 29. Rdg1 Ne6 30. h6+ Kg8 31. Qh2 Ng5 32. h7+ Kg7 33. Qh6# 1-0

[Event "8th Gibraltar U16-Junior 2018"]
[Site "Caleta"]
[Date "2018.08.19"]
[Round "4"]
[White "Onslow, Teddy"]
[Black "Tombolis, Christopher"]
[Result "1/2-1/2"]
[ECO "D00"]
[WhiteElo "1669"]
[BlackElo "1900"]
[Annotator "NA RC"]
[PlyCount "87"]
[EventDate "2018.08.17"]
[EventType "swiss"]
[EventCountry "GGB"]
[SourceTitle "playchess.com"]
[Source "ChessBase"]
[SourceQuality "1"]
[TimeControl "6600+10"]

1. d4 {[%emt 0:00:01] Ftacnik,L} d5 2. Bf4 Nf6 3. e3 c5 4. c3 Nc6 5. Bd3 {[%emt 0:00:09] D00: 1 d4 d5: Unusual lines} (5. Nd2 Bf5 6. Qb3 Qc8 7. dxc5 e5 8. Bg5 Be6 9. Bxf6 gxf6 10. c4 dxc4 11. Bxc4 Bxc5 12. Rc1 Bb4 {½-½ (43) Aronian,L (2805)-Sethuraman,S (2646) Riadh 2017}) 5... Bg4 6. f3 Bh5 7. Ne2 e6 8. O-O Qb6 $146 ({Predecessor:} 8... Bg6 9. Bxg6 hxg6 10. Nd2 Bd6 11. Nb3 Bxf4 12. Nxf4 c4 {0-1 (45) Kuijf,M (2440)-Van der Sterren,P (2475) Wijk aan Zee 1991 CBM 022 [Ftacnik,L]}) 9. Qb3 c4 10. Qxb6 axb6 11. Bc2 b5 12. Nd2 b4 13. Ng3 Be7 14. Bg5 (14. a3 $15) 14... Bg6 15. Bxg6 hxg6 16. e4 b5 17. e5 (17. a3 $17 {was worth a try.} bxc3 18. bxc3) 17... Nd7 18. Bxe7 Kxe7 19. a3 bxc3 20. bxc3 Ra5 21. Ne2 Rha8 22. Rab1 Rb8 23. Ra1 Rba8 24. Rab1 R8a6 25. Rb2 Rxa3 26. Rxb5 Ra2 27. Rd1 Rc2 28. Kf2 Raa2 29. Ke1 Na5 30. Nc1 Rcb2 $18 {[%emt 0:04:12] [#]} (30... Ra3 $17 {hält den Druck.} 31. Ne2 Nb3 32. Nxb3 cxb3) 31. Nxa2 $2 (31. Rb4 $1 $18) 31... Rxb5 32. Nb4 Nxe5 33. dxe5 d4 34. Nxc4 Nxc4 35. Nc6+ Kd7 36. Rxd4+ Kxc6 37. Rxc4+ Kb6 38. f4 Rb2 39. Kf1 Kb7 40. h3 Rc2 41. Kg1 Re2 42. Kh2 Re3 43. Rb4+ Kc7 44. Rc4+ 1/2-1/2

[Event "8th Gibraltar U16-Junior 2018"]
[Site "Caleta"]
[Date "2018.08.19"]
[Round "4"]
[White "Krivenko, Dion"]
[Black "Lovell, William Pm"]
[Result "1/2-1/2"]
[ECO "B19"]
[WhiteElo "1635"]
[BlackElo "1783"]
[Annotator "NA RC"]
[PlyCount "44"]
[EventDate "2018.08.17"]
[EventType "swiss"]
[EventCountry "GGB"]
[SourceTitle "playchess.com"]
[Source "ChessBase"]
[SourceQuality "1"]
[TimeControl "6600+10"]

1. e4 c6 2. d4 d5 3. Nc3 dxe4 4. Nxe4 Bf5 5. Ng3 Bg6 6. h4 h6 7. Nf3 Nd7 8. h5 Bh7 9. Bd3 Bxd3 10. Qxd3 e6 11. Bd2 Ngf6 12. Ne4 Nxe4 13. Qxe4 Nf6 14. Qe2 Be7 15. O-O-O Qd5 16. c4 Qe4 17. Qxe4 Nxe4 18. Be3 O-O 19. Nd2 Nf6 20. f3 Rac8 21. Ne4 b6 22. g4 Rfd8 1/2-1/2

[Event "8th Gibraltar U16-Junior 2018"]
[Site "Caleta"]
[Date "2018.08.19"]
[Round "4"]
[White "Guerreiro, Jose Velho"]
[Black "Atara, Omeet J"]
[Result "1-0"]
[ECO "D55"]
[WhiteElo "1525"]
[BlackElo "1704"]
[Annotator "NA RC"]
[PlyCount "111"]
[EventDate "2018.08.17"]
[EventType "swiss"]
[EventCountry "GGB"]
[SourceTitle "playchess.com"]
[Source "ChessBase"]
[SourceQuality "1"]
[TimeControl "6600+10"]

1. d4 Nf6 2. Nf3 e6 3. c4 b6 4. Bg5 Be7 5. Nc3 Bb7 6. e3 d5 7. Be2 Nbd7 8. O-O O-O 9. Rc1 Rc8 10. Qa4 dxc4 11. Qxc4 c5 12. Rfd1 Nd5 13. Bxe7 Qxe7 14. Nxd5 exd5 15. Qa4 Bc6 16. Qa3 Rfe8 17. dxc5 Nxc5 18. Nd4 Ba8 19. Bb5 Red8 20. Rc2 Qb7 21. b4 a6 22. bxc5 axb5 23. c6 Qb8 24. Rdc1 Rd6 25. Nf5 Re6 26. c7 Qb7 27. Nd6 Rxd6 28. Qxd6 g6 29. Rc6 d4 30. exd4 Kg7 31. d5 Qa7 32. Rxb6 Bxd5 33. Rb8 Bb7 34. Rxc8 Bxc8 35. Qd8 Qa6 36. Re1 Bf5 37. Qd4+ Kh6 38. Qh4+ Kg7 39. Qd4+ Kh6 40. h3 Qxa2 41. Qh4+ Kg7 42. Qd8 Qa5 43. Re8 Qa4 44. Rg8+ Kh6 45. Qd2+ Kh5 46. c8=Q Bxc8 47. Rxc8 Qa1+ 48. Kh2 Qe5+ 49. g3 g5 50. Rd8 Qf6 51. Rd5 Kg6 52. Rxb5 h6 53. Rd5 Kh7 54. Qd3+ Kh8 55. Rd8+ Kg7 56. Qd4 1-0

[Event "8th Gibraltar U16-Junior 2018"]
[Site "Caleta"]
[Date "2018.08.19"]
[Round "4"]
[White "Manocha, Shobhin"]
[Black "Dhanwani, Aryan"]
[Result "1/2-1/2"]
[ECO "B19"]
[WhiteElo "1461"]
[BlackElo "1169"]
[Annotator "NA"]
[PlyCount "38"]
[EventDate "2018.08.17"]
[EventType "swiss"]
[EventCountry "GGB"]
[SourceTitle "playchess.com"]
[Source "ChessBase"]
[SourceQuality "1"]
[TimeControl "6600+10"]

1. e4 c6 2. d4 d5 3. Nd2 dxe4 4. Nxe4 Bf5 5. Ng3 Bg6 6. h4 h6 7. Nf3 Nd7 8. h5 Bh7 9. Bd3 Ngf6 10. Bxh7 Nxh7 11. Qd3 Qa5+ 12. Bd2 Qb5 13. Qxb5 cxb5 14. O-O Nhf6 15. a4 bxa4 16. c4 g5 17. Rfc1 e6 18. Rxa4 Bd6 19. d5 O-O 1/2-1/2

[Event "8th Gibraltar U16-Junior 2018"]
[Site "Caleta"]
[Date "2018.08.19"]
[Round "4"]
[White "Dharmasena, Gavith"]
[Black "Lorente Serrano, Rosa Adela"]
[Result "0-1"]
[ECO "B84"]
[WhiteElo "1433"]
[BlackElo "1682"]
[Annotator "NA RC"]
[PlyCount "114"]
[EventDate "2018.08.17"]
[EventType "swiss"]
[EventCountry "GGB"]
[SourceTitle "playchess.com"]
[Source "ChessBase"]
[SourceQuality "1"]
[TimeControl "6600+10"]

1. e4 c5 2. Nf3 d6 3. d4 cxd4 4. Nxd4 Nf6 5. Nc3 a6 6. Be3 e6 7. Be2 Nfd7 8. Qd2 b5 9. a3 Bb7 10. Bh5 Qe7 11. Bf3 Ne5 12. Be2 Qc7 13. O-O Nbd7 14. f4 Nc4 15. Qc1 Ndb6 16. Bh5 g6 17. Bg4 h5 18. Bh3 Bh6 19. b3 Nxe3 20. Qxe3 O-O 21. Bxe6 fxe6 22. Nxe6 Qc6 23. Nxf8 Rxf8 24. Qg3 Bg7 25. Rf3 d5 26. exd5 Nxd5 27. Nxd5 Qxd5 28. Rd3 Qc5+ 29. Kh1 Be4 30. Rad1 Bxd3 31. Qxd3 Qf5 32. g3 Bb2 33. Qxf5 Rxf5 34. Rd6 Rf6 35. Rxf6 Bxf6 36. Kg2 Be7 37. a4 bxa4 38. bxa4 a5 39. Kf3 Kf7 40. Ke4 Ke6 41. h3 Bb4 42. g4 Kf6 43. Kd5 Bd2 44. Ke4 Ke6 45. f5+ gxf5+ 46. gxf5+ Kd6 47. c4 Kc5 48. f6 Kxc4 49. f7 Bb4 50. Kf5 h4 51. Ke4 Kb3 52. Kd3 Kxa4 53. Kc2 Bf8 54. Kc3 Kb5 55. Kb3 a4+ 56. Kb2 a3+ 57. Kb3 Kc6 0-1

[Event "8th Gibraltar U16-Junior 2018"]
[Site "Caleta"]
[Date "2018.08.19"]
[Round "4"]
[White "Rayner, Hugo"]
[Black "Harbinson, Alec Ryan"]
[Result "1-0"]
[ECO "C53"]
[WhiteElo "1391"]
[BlackElo "1043"]
[Annotator "NA"]
[PlyCount "85"]
[EventDate "2018.08.17"]
[EventType "swiss"]
[EventCountry "GGB"]
[SourceTitle "playchess.com"]
[Source "ChessBase"]
[SourceQuality "1"]
[TimeControl "6600+10"]

1. e4 e5 2. Nf3 Nc6 3. Bc4 Bc5 4. c3 h6 5. d4 exd4 6. cxd4 Bb4+ 7. Bd2 Bxd2+ 8. Nbxd2 d6 9. O-O Bg4 10. h3 Bh5 11. Bb5 Nge7 12. d5 a6 13. Bxc6+ bxc6 14. dxc6 Nxc6 15. Qc2 Ne7 16. Rac1 c6 17. Nd4 Rc8 18. Nf5 O-O 19. Qd3 a5 20. Nxd6 Qd7 21. Qg3 Rcd8 22. N6c4 Bg6 23. Rfe1 Nc8 24. Nf3 Rfe8 25. Nfe5 Qe6 26. Nxg6 Qxg6 27. Qxg6 fxg6 28. Nxa5 Re6 29. Rxc6 Rde8 30. Rxe6 Rxe6 31. b4 Nd6 32. e5 Nf7 33. f4 g5 34. f5 Rxe5 35. Rxe5 Nxe5 36. Kf1 Kf7 37. Ke2 Ke7 38. Ke3 Kd6 39. Kd4 Nd7 40. Nc4+ Kc6 41. Ne5+ Nxe5 42. Kxe5 Kb5 43. a3 1-0